 Dungeon Crawl Stone Soup version 0.30-a0-1160-g6e42c06551 (webtiles) character file.

Game seed: 4900827902334598989

3988 kae the Jinx (level 10, 0/43 (46) HPs)
             Began as a Spriggan Enchanter on Apr 25, 2023.
             Was a Follower of Dithmenos.
             Succumbed to Amaemon's poison
             ... on level 8 of the Dungeon.
             The game lasted 00:09:34 (8543 turns).

kae the Jinx (Spriggan Enchanter)                   Turns: 8543, Time: 00:09:34

HP:   0/43 (46)     AC:  5    Str: 10    XL:     10   Next: 3%
MP:   21/31         EV: 33    Int: 21    God:    Dithmenos [*.....]
Gold: 335           SH:  0    Dex: 16    Spells: 13/24 levels left

rFire   . . .        a - +1 dagger (freeze)
rCold   . . .        (no shield)
rNeg    . . .        b - +0 robe
rPois   .            (helmet restricted)
rElec   .            y - +2 cloak
rCorr   .            (gloves unavailable)
SInv    +            (boots unavailable)
Will    +....        A - amulet of the acrobat
Stlth   ++++++       S - +6 ring of strength
HPRegen 0.27/turn    D - ring "Unisim" {MP+9 Stlth+}
MPRegen 0.22/turn

%: acrobat
@: lethally poisoned (0 -> -4), confusing by touch, acrobatic, wreathed by
umbra, studying Fighting, drained, very quick
A: very small, no large weapons, unfitting armour, see invisible, speed 3
a: Renounce Religion


You were on level 8 of the Dungeon.
You worshipped Dithmenos.
Dithmenos was aware of your devotion.
You visited 2 branches of the dungeon, and saw 9 of its levels.

You collected 335 gold pieces.


Innate Abilities, Weirdness & Mutations

You are very small and have problems with some larger weapons.
You are too small for most types of armour.
You have supernaturally acute eyesight. (SInv)
You cover ground extremely quickly. (Speed+++)


   Skills:
 + Level 1.9 Fighting
 + Level 6.7 Short Blades
 * Level 4.3 Dodging
 + Level 10.5 Stealth
 + Level 7.9 Spellcasting
 * Level 11.1 Hexes
 - Level 2.0 Ice Magic


You had 13 spell levels left.
You knew the following spells:

 Your Spells              Type           Power      Damage    Failure   Level
a - Ensorcelled Hibernat  Hex/Ice        70%        N/A       1%          2
b - Confusing Touch       Hex            53%        N/A       1%          3
c - Tukima's Dance        Hex            53%        N/A       1%          3
d - Dazzling Flash        Conj/Hex       62%        N/A       2%          3

Your spell library contained the following spells:

 Spells                   Type           Power      Damage    Failure   Level
 Summon Guardian Golem    Hex/Summ       31%        N/A       2%          3
 Apportation              Tloc           16%        N/A       9%          1
 Summon Small Mammal      Summ           32%        N/A       9%          1
 Call Canine Familiar     Summ           8%         N/A       24%         3
 Ignite Poison            Fire/Tmut/Pois 8%         N/A       24%         3
 Sticky Flame             Conj/Fire      8%         2d3       63%         4
 Alistair's Intoxication  Tmut/Pois      5%         N/A       92%         5
 Ignition                 Fire           4%         3d4       100%        8

Inventory:

Hand Weapons
 a - a +1 dagger of freezing (weapon)
Missiles
 d - 16 poisoned darts
 m - 79 stones (quivered)
 x - 3 boomerangs
Armour
 b - a +0 robe (worn)
 y - a +2 cloak (worn)
   (You took it off Crazy Yiuf on level 6 of the Dungeon)
Jewellery
 c - a ring of ice
   (You took it off an orc on level 8 of the Dungeon)
 A - an amulet of the acrobat (around neck)
   (You found it on level 1 of the Dungeon)
 D - the ring "Unisim" (right hand) {MP+9 Stlth+}
   (You acquired it on level 8 of the Dungeon)

   [ring of magical power]

   MP:        It affects your magic capacity (+9).
   Stlth:     It makes you more stealthy.
 S - a +6 ring of strength (left hand)
   (You took it off an orc on level 6 of the Dungeon)
 W - a ring of magical power
   (You found it on level 8 of the Dungeon)
Wands
 q - a wand of charming (17)
   (You found it on level 5 of the Dungeon)
 u - a wand of polymorph (4)
   (You found it on level 4 of the Dungeon)
 v - a wand of roots (10)
   (You found it on level 4 of the Dungeon)
 E - a wand of mindburst (18)
   (You found it on level 8 of the Dungeon)
Scrolls
 e - a scroll of fog
 f - a scroll of magic mapping {!r}
 g - a scroll of enchant armour
 i - 3 scrolls of teleportation {@r4}
 j - a scroll of immolation {!r!r}
 l - 2 scrolls of blinking {!r}
 o - 3 scrolls of noise {!r}
 s - a scroll of poison {!r}
 t - a scroll of vulnerability {!r!r}
 w - a scroll of fear
 z - 2 scrolls of identify {@r1}
Potions
 h - a potion of haste {@q3}
 k - a potion of attraction {!q}
 n - 3 potions of flight
 p - a potion of ambrosia
 r - 4 potions of curing {unknown}
 B - a potion of berserk rage {unknown}
 C - 3 potions of invisibility
 F - a potion of lignification {unknown}
 G - a potion of brilliance {unknown}

Dungeon Overview and Level Annotations

Branches:
Dungeon (8/15) Zot: 26254  Temple (1/1) D:7 Zot: 5922
   Lair: D:8-11

Altars:
Ashenzari
Cheibriados
Dithmenos
Elyvilon
Fedhas
Gozag
Hepliaklqana
Kikubaaqudgha
Makhleb
Nemelex Xobeh
Okawaru
Ru
Sif Muna
Trog
Uskayaw
Vehumet
Xom
Yredelemnul
Zin
The Shining One

Shops:
D:5 !

Annotations:
D:8 Amaemon

....##...##...........#..........
.........'.......##...##.........
.<.......##..##..#######.........
.........##..##..##....#.........
..S...............+....#.........
................#)#.#.#.#.#.#.#.#
.##.###..##.###..)..<............
.##.###..######'#.#.#)#.#.#.#.#.#
.#....#..s6.....@................
.#....[).4......#.#.#.#.#.#.#.#.#
###..###..>.##...................
###..#########.##.#.#.#.#.#.#.#.#
.......# #...................
.......# ####.#.#.#.#.#.#.#.#
##..#### #................. #..#
##.#.#.#.#.#.#.#.# #..........
#######.......###


You could see Amaemon, an orange demon (curare) and a scorpion (summoned).


Message History

You lost 2 mp, and now have 27/31 mp.
Casting: Ensorcelled Hibernation (safe; 1% risk of failure)
Confirm with . or Enter, or press ? or * to list all spells.
Aiming: Ensorcelled Hibernation (safe; 1% risk of failure)
Press: ? - help, Shift-Dir - straight line, f/p - Amaemon
Aim: Amaemon, wielding a -1 demon whip of venom (umbra, chance to affect: 28%) Amaemon easily resists.
Amaemon gestures at the scorpion while chanting.
The scorpion seems to grow toxic. 😕 MP[-2]
You lost 2 mp, and now have 25/31 mp.
Casting: Ensorcelled Hibernation (safe; 1% risk of failure)
Confirm with . or Enter, or press ? or * to list all spells.
Aiming: Ensorcelled Hibernation (safe; 1% risk of failure)
Press: ? - help, Shift-Dir - straight line, f/p - Amaemon
Aim: Amaemon, wielding a -1 demon whip of venom (umbra, chance to affect: 28%) Amaemon easily resists.
The orange demon barely misses you.
Amaemon closely misses you. x2; Amaemon tail-slaps you.
You are poisoned.
Amaemon poisons you! 😕 HP[-2] MP[-2]
You take 2 damage, and now have 40/43 hp.
You lost 2 mp, and now have 23/31 mp.
Casting: Ensorcelled Hibernation (safe; 1% risk of failure)
Confirm with . or Enter, or press ? or * to list all spells.
Aiming: Ensorcelled Hibernation (safe; 1% risk of failure)
Press: ? - help, Shift-Dir - straight line, f/p - Amaemon
Aim: Amaemon, wielding a -1 demon whip of venom (umbra, chance to affect: 28%) Amaemon looks drowsy...
You feel very sick.
The orange demon stings you from afar. 😮 HP[-9] MP[-1]
You take 9 damage, and now have 31/43 hp.
MASSIVE DAMAGE!! (PAUSE)
You lost 1 mp, and now have 22/31 mp.
The helpless Amaemon fails to defend himself.
You skewer Amaemon like a kebab!!! You freeze Amaemon.
You feel very sick. The orange demon barely misses you.
Amaemon closely misses you. Amaemon barely misses you.
Amaemon closely misses you. 😮 HP[-3]
You take 3 damage, and now have 28/43 hp.
You barely miss Amaemon.
You feel very sick. 😮 HP[-3]
You take 3 damage, and now have 25/43 hp.
Casting: Ensorcelled Hibernation (safe; 1% risk of failure)
Confirm with . or Enter, or press ? or * to list all spells.
Your hands begin to glow red.
You feel very sick. The orange demon stings you from afar.
* * * LOW HITPOINT WARNING * * *
Amaemon hits you with a -1 demon whip of venom.
* * * LOW HITPOINT WARNING * * *
You are lethally poisoned!
Amaemon claws you but does no damage. Amaemon misses you.
* * * LOW HITPOINT WARNING * * *
You feel very sick.
Amaemon completely misses you. x3; The orange demon completely misses you. 😱 HP[-15] MP[-3]
You take 15 damage, and now have 10/43 hp.
MASSIVE DAMAGE!! (PAUSE)
You lost 3 mp, and now have 19/31 mp.
* * * LOW HITPOINT WARNING * * *
You feel sick. 😱 HP[-2] MP[+1]
You take 2 damage, and now have 8/43 hp.
* * * LOW HITPOINT WARNING * * *
You feel sick. 😱 HP[-1]
You take 1 damage, and now have 7/43 hp.
Unknown command.
Okay, then.
* * * LOW HITPOINT WARNING * * *
You feel sick. 😱 HP[-2]
You take 2 damage, and now have 5/43 hp.
* * * LOW HITPOINT WARNING * * *
You feel sick. 😱 HP[-1]
You take 1 damage, and now have 4/43 hp.
* * * LOW HITPOINT WARNING * * *
You feel sick. 😱 HP[-1]
You take 1 damage, and now have 3/43 hp.
* * * LOW HITPOINT WARNING * * *
You feel sick.
Amaemon casts a spell at the orange demon.
The orange demon seems to grow toxic.
Okay, then.
* * * LOW HITPOINT WARNING * * *
You feel sick. 😱 HP[-1]
You take 1 damage, and now have 2/43 hp.
* * * LOW HITPOINT WARNING * * *
You feel sick.
The scorpion no longer looks unusually toxic. 😱 HP[-1]
You take 1 damage, and now have 1/43 hp.
You die...

Skill      XL: |  1  2  3  4  5  6  7  8  9 |
---------------+----------------------------+-----
Hexes          | 4 5 6 7 9 11 | 11.1
Spellcasting   | 3 4 5 6 7 |  7.9
Stealth        | 5 6 7 9 10 | 10.5
Short Blades   | 2 3 4 5 6 |  6.7
Ice Magic      | 1 2 |  2.0
Dodging        | 4 |  4.3
Fighting       | 1 |  1.9

Action                     |  1- 3 |  4- 6 |  7- 9 | 10-12 || total
---------------------------+-------+-------+-------+-------++-------
  Melee: Dagger            |    75 |   114 |   196 |    30 ||   415
         Punch             |     1 |       |     2 |     1 ||     4
   Cast: Ensorcelled Hiber |    10 |    46 |    89 |     8 ||   153
         Confusing Touch   |       |     4 |    11 |     1 ||    16
  Evoke: Wand              |       |     2 |       |       ||     2
    Use: Scroll            |    11 |     3 |     6 |     1 ||    21
         Potion            |       |       |     1 |     1 ||     2
   Stab: Sleeping          |    16 |    34 |    58 |     4 ||   112
         Confused          |       |     2 |     9 |       ||    11
 Armour: Robe              |     5 |     7 |    14 |     4 ||    30
  Dodge: Dodged            |    50 |    97 |   178 |    39 ||   364

Levels and vault maps discovered:
D:1:      minmay_arrival_four_loops, layout_basic,
          hellmonk_ecumenical_altar_crossroads
D:2:      minmay_inner_zag, layout_loops_corners, basic_altar, feat_on_display
D:3:      layout_loops_cross, minmay_box_of_dots
D:4:      due_chaos_kobolds, layout_loops_ring, gammafunk_temple_overflow_wave,
          patterned_corridor
D:5:      layout_loops_ring, serial_shops, nicolae_stop_n_shop_1,
          serial_park_tiny_1, uniq_blork_the_orc
D:6:      layout_rooms, uniq_maggie, uniq_crazy_yiuf_cottage,
          uniq_prince_ribbit1
D:7:      layout_basic, temple_doors_e, hangedman_abyss_or_decor_stabs
D:8:      layout_gridville, nzn_wu_jian_contemplation,
          ebering_ghost_reflecting_pool, st_stairs_11, minivault_11, uniq_erica,
          uniq_amaemon
Temple:   mainiacjoe_temple_coin_purse

Notes
Turn   | Place    | Note
-------+----------+-------------------------------------------
     0 | D:1      | kae the Spriggan Enchanter began the quest for the Orb.
     0 | D:1      | Reached XP level 1. HP: 9/9 MP: 5/5
     0 | D:1      | magus.rc [v1.11.3]
   397 | D:1      | Reached XP level 2. HP: 13/13 MP: 6/6
   400 | D:1      | Learned a level 2 spell: Ensorcelled Hibernation
   531 | D:1      | Found a faded altar of an unknown god.
   555 | D:1      | Reached skill level 4 in Hexes
   863 | D:2      | Found a hazy altar of Hepliaklqana.
   896 | D:2      | Reached skill level 3 in Spellcasting
  1099 | D:2      | Reached XP level 3. HP: 12/16 MP: 3/8
  1190 | D:2      | Reached skill level 5 in Stealth
  1702 | D:2      | Learned a level 3 spell: Confusing Touch
  1706 | D:2      | Learned a level 3 spell: Tukima's Dance
  1764 | D:3      | Reached skill level 2 in Short Blades
  1764 | D:3      | Reached XP level 4. HP: 21/21 MP: 9/9
  2060 | D:3      | Reached skill level 1 in Ice Magic
  2063 | D:3      | You pick up a book of Party Tricks and begin reading...
  2063 | D:3      | You add the spells Apportation and Alistair's Intoxication
                  | to your library.
  2885 | D:4      | Reached skill level 5 in Hexes
  2922 | D:4      | Found a large runed translucent door.
  2925 | D:4      | Found a large runed translucent door.
  2925 | D:4      | Found a shimmering altar of Xom.
  2945 | D:4      | Noticed an ogre
  2954 | D:4      | Killed an ogre
  2955 | D:4      | Reached XP level 5. HP: 24/24 MP: 8/11
  3004 | D:4      | You pick up a book of Callings and begin reading...
  3004 | D:4      | You add the spells Summon Small Mammal, Call Canine
                  | Familiar and Summon Guardian Golem to your library.
  3078 | D:4      | Learned a level 3 spell: Dazzling Flash
  3241 | D:4      | Found a sparkling altar of Nemelex Xobeh.
  3241 | D:4      | Found a hazy altar of Hepliaklqana.
  3284 | D:4      | You add the spells Ignite Poison, Sticky Flame and Ignition
                  | to your library.
  3955 | D:5      | Entered Level 5 of the Dungeon
  4002 | D:5      | Reached XP level 6. HP: 23/28 MP: 9/12
  4004 | D:5      | Reached skill level 4 in Spellcasting
  4057 | D:5      | Reached skill level 6 in Stealth
  4262 | D:5      | Noticed Blork the orc
  4279 | D:5      | Reached skill level 3 in Short Blades
  4279 | D:5      | Reached skill level 6 in Hexes
  4279 | D:5      | Reached skill level 2 in Ice Magic
  4283 | D:5      | HP: 6/28 [Blork the orc/+0 trident (13)]
  4384 | D:5      | Blork the orc changed into Blork the bullfrog
  4384 | D:5      | Noticed Blork
  4387 | D:5      | Killed Blork the bullfrog
  4448 | D:5      | Reached XP level 7. HP: 16/32 MP: 9/14
  4564 | D:5      | Found Ujaf's Distillery.
  4588 | D:5      | HP: 8/32 [white imp (5)]
  5058 | D:5      | Reached skill level 7 in Stealth
  5058 | D:5      | Reached skill level 7 in Hexes
  5449 | D:6      | Noticed Maggie
  5449 | D:6      | Noticed Prince Ribbit
  5456 | D:5      | Killed Prince Ribbit
  5457 | D:5      | Reached skill level 4 in Short Blades
  5457 | D:5      | Reached skill level 5 in Spellcasting
  5547 | D:6      | Noticed a wyvern
  5561 | D:5      | Killed a wyvern
  5562 | D:5      | Reached XP level 8. HP: 36/36 MP: 13/17
  5565 | D:5      | Reached skill level 8 in Hexes
  5664 | D:6      | Reached skill level 8 in Stealth
  5849 | D:6      | HP: 2/35 [Maggie/+0 war axe (10)]
  5857 | D:6      | Killed Maggie
  5858 | D:6      | Reached skill level 5 in Short Blades
  5858 | D:6      | Reached skill level 6 in Spellcasting
  5858 | D:6      | Reached skill level 9 in Hexes
  6015 | D:6      | Reached skill level 9 in Stealth
  6017 | D:6      | Reached XP level 9. HP: 37/39 MP: 6/20
  6031 | D:6      | HP: 7/39 [yak (17)]
  6254 | D:6      | Reached skill level 6 in Short Blades
  6254 | D:6      | Reached skill level 7 in Spellcasting
  6254 | D:6      | Reached skill level 10 in Hexes
  6469 | D:6      | Found a runed translucent door.
  6470 | D:6      | Noticed Crazy Yiuf
  6650 | D:6      | Killed Crazy Yiuf
  6840 | D:7      | Reached skill level 10 in Stealth
  7127 | D:7      | Reached skill level 3 in Dodging
  7233 | D:7      | Found a staircase to the Ecumenical Temple.
  7238 | Temple   | Entered the Ecumenical Temple
  7355 | Temple   | Became a worshipper of Dithmenos the Shadowed
  7686 | D:8      | Identified a scroll of acquirement
  7686 | D:8      | Acquired the ring "Unisim" {MP+9 Stlth+}
  7713 | D:8      | Reached skill level 1 in Fighting
  7921 | D:7      | Reached skill level 11 in Hexes
  8036 | D:8      | Reached skill level 4 in Dodging
  8257 | D:8      | Reached XP level 10. HP: 46/46 MP: 22/22
  8279 | D:8      | Noticed Amaemon
  8319 | D:8      | HP: 11/44 [poisoned by a kobold]
  8322 | D:8      | HP: 5/44 [poisoned by a kobold]
  8324 | D:8      | HP: 2/44 [poisoned by a kobold]
  8458 | D:8      | Reached * piety under Dithmenos
  8526 | D:8      | Noticed an orange demon
  8534 | D:8      | HP: 10/43 [poisoned by Amaemon]
  8538 | D:8      | HP: 4/43 [poisoned by Amaemon]
  8542 | D:8      | HP: 1/43 [poisoned by Amaemon]
  8543 | D:8      | Succumbed to Amaemon's poison

Vanquished Creatures
  Maggie (D:6)
  A hornet (D:7)
  Prince Ribbit (D:5)
  6 yaks (D:6)
  A wyvern (D:5)
  A water moccasin (D:7)
  2 sky beasts
  2 ice beasts
  A black bear (D:7)
  3 ogres
  4 centaurs
  A kobold brigand (D:8)
  A scorpion (D:5)
  A bullfrog (D:5)
  3 wights
  2 howler monkeys
  2 hounds
  4 orc priests
  2 gnoll boudas
  A jelly (D:5)
  Crazy Yiuf (D:6)
  5 orc wizards
  11 gnolls
  15 adders
  A shadow imp (D:5)
  3 white imps
  3 ufetubi
  2 worms
  2 dart slugs
  24 orcs
  3 bats
  7 endoplasms
  4 giant cockroaches
  A goblin (D:2)
  2 hobgoblins
  4 quokkas
  2 ball pythons
  2 frilled lizards (D:1)
  16 kobolds
  5 rats
153 creatures vanquished.

Table legend:
 A = Non-vault XP
 B = Vault XP
 C = Vault XP percentage of total XP
 D = Non-vault monster count
 E = Vault monster count
 F = Vault count percentage of total count
                 A         B        C        D         E       F
            +---------+---------+-------+---------+---------+-------
      Total |    4643 |    1055 |  18.5 |     131 |      22 |  14.4
            +---------+---------+-------+---------+---------+-------
        D:1 |      16 |       0 |   0.0 |      10 |       0 |   0.0
        D:2 |      67 |      10 |  13.0 |      10 |       6 |  37.5
        D:3 |      49 |      11 |  18.3 |      13 |       5 |  27.8
        D:4 |     213 |       4 |   1.8 |      14 |       3 |  17.6
        D:5 |     907 |     368 |  28.9 |      31 |       2 |   6.1
        D:6 |    1727 |     434 |  20.1 |      21 |       2 |   8.7
        D:7 |     963 |      93 |   8.8 |      12 |       2 |  14.3
        D:8 |     701 |     135 |  16.1 |      20 |       2 |   9.1
            +---------+---------+-------+---------+---------+-------

Skill      XL: |  1  2  3  4  5  6  7  8  9 |
---------------+----------------------------+-----
Hexes          | 4 5 6 7 9 11 | 11.1
Spellcasting   | 3 4 5 6 7 |  7.9
Stealth        | 5 6 7 9 10 | 10.5
Short Blades   | 2 3 4 5 6 |  6.7
Ice Magic      | 1 2 |  2.0
Dodging        | 4 |  4.3
Fighting       | 1 |  1.9

Action                     |  1- 3 |  4- 6 |  7- 9 | 10-12 || total
---------------------------+-------+-------+-------+-------++-------
  Melee: Dagger            |    75 |   114 |   196 |    30 ||   415
         Punch             |     1 |       |     2 |     1 ||     4
   Cast: Ensorcelled Hiber |    10 |    46 |    89 |     8 ||   153
         Confusing Touch   |       |     4 |    11 |     1 ||    16
  Evoke: Wand              |       |     2 |       |       ||     2
    Use: Scroll            |    11 |     3 |     6 |     1 ||    21
         Potion            |       |       |     1 |     1 ||     2
   Stab: Sleeping          |    16 |    34 |    58 |     4 ||   112
         Confused          |       |     2 |     9 |       ||    11
 Armour: Robe              |     5 |     7 |    14 |     4 ||    30
  Dodge: Dodged            |    50 |    97 |   178 |    39 ||   364

Illustrated notes

Table legend:
 A = Kills in this place as a percentage of kills in the entire game.
 B = Kills by you in this place as a percentage of kills by you in the entire game.
 C = Kills by friends in this place as a percentage of kills by friends in the entire game.
 D = Other kills in this place as a percentage of other kills in the entire game.
 E = Experience gained in this place as a percentage of experience gained in the entire game.
 F = Experience gained in this place divided by the number of levels of this place that you have seen.
                   A       B       C       D       E      F
               +-------+-------+-------+-------+-------+----------------------
         Total | 100.0 | 100.0 |   N/A |   N/A | 100.0 | 633.1
       Dungeon | 100.0 | 100.0 |   N/A |   N/A | 100.0 | 712.2
               +-------+-------+-------+-------+-------+----------------------

Table legend: (Time is in decaauts)
 A = Elapsed time spent in this place.
 B = Non-inter-level travel time spent in this place.
 C = Inter-level travel time spent in this place.
 D = Time resting spent in this place.
 E = Time spent auto-exploring this place.
 F = Levels seen in this place.
 G = Mean time per level.
                   A        B        C        D        E       F      G
               +--------+--------+--------+--------+--------+-----+--------+
         Total |   6280 |   6026 |    254 |    651 |   4147 |   9 |  697.8 |
       Dungeon |   6203 |   5967 |    236 |    651 |   4096 |   8 |  775.4 |
        Temple |     77 |     60 |     17 |      0 |     51 |   1 |   77.0 |
               +--------+--------+--------+--------+--------+-----+--------+

Top non-repeatable levels by time:
     D:5: 1258 daAuts
     D:4: 861 daAuts
     D:6: 852 daAuts
     D:7: 813 daAuts
     D:3: 792 daAuts
     D:2: 733 daAuts
     D:8: 456 daAuts
     D:1: 434 daAuts
  Temple: 77 daAuts
